 Dungeon Crawl Stone Soup version 0.24-a0-539-g6aae15eeb0 (webtiles) character file.

Game seed: 14618389408827681956

86 Napalmbreeze the Skirmisher (level 4, -12/41 HPs)
             Began as a Hill Orc Fighter on Aug 17, 2019.
             Engulfed by Ijyb's flame (21 damage)
             ... on level 2 of the Dungeon.
             The game lasted 00:07:27 (1616 turns).

Napalmbreeze the Skirmisher (Hill Orc Fighter)      Turns: 1616, Time: 00:07:27

Health: -12/41     AC:  7    Str: 24    XL:     4   Next: 50%
Magic:  4/4        EV:  7    Int:  8    God:
Gold:   75         SH:  9    Dex: 10    Spells: 3/3 levels left

rFire    . . .     SeeInvis .   a - +0 war axe
rCold    . . .     Gourm    .   c - +0 shield
rNeg     . . .     Faith    .   b - +0 scale mail
rPois    .         Spirit   .   (no helmet)
rElec    .         Reflect  .   (no cloak)
rCorr    .         Harm     .   (no gloves)
MR       .....                  (no boots)
Stlth    ..........             (no amulet)
HPRegen  0.13/turn              (no ring)
MPRegen  0.09/turn              (no ring)

@: mighty
A: no striking features
a: no special abilities


You were on level 2 of the Dungeon.
You were hungry.

You visited 1 branch of the dungeon, and saw 2 of its levels.

You collected 75 gold pieces.

Inventory:

Hand Weapons
 a - a +0 war axe (weapon)
Missiles
 g - 108 stones (quivered)
Armour
 b - a +0 scale mail (worn)
 c - a +0 shield (worn)
 k - a scarf of spirit shield
Scrolls
 e - 2 scrolls of remove curse {unknown}
 i - a scroll of identify {unknown}
 l - 2 scrolls of magic mapping {unknown}
Potions
 j - a potion of curing {unknown}
Comestibles
 f - 4 rations
 h - 8 chunks of flesh


   Skills:
 * Level 4.8 Fighting
 + Level 3.6 Axes
 + Level 3.9 Armour
 + Level 3.9 Shields


You had 3 spell levels left.
You didn't know any spells.
Your spell library was empty.

Dungeon Overview and Level Annotations

Branches:
Dungeon (2/15)

Altars:
Cheibriados

Annotations:
D:2 Ijyb


Message History

You closely miss Ijyb.
Ijyb is heavily wounded.
Ijyb hits you but does no damage.
You closely miss Ijyb.
Ijyb is heavily wounded.
Ijyb hits you but does no damage. You block Ijyb's attack.
You hit Ijyb.
Ijyb is heavily wounded.
Ijyb zaps a wand.
Ijyb creates a blast of flame!
You slash Ijyb!
Ijyb is almost dead.
You are engulfed in blazing flames.
Ouch! That really hurt!
* * * LOW HITPOINT WARNING * * *
Ijyb hits you but does no damage.
You closely miss Ijyb.
Ijyb is almost dead.
You are engulfed in blazing flames.
Ouch! That really hurt!
You die...

#### #... #.#.
##############...
#.....[.........#
#.###############
#§# ##§## #@#g#
#### ##g## #...
#g# #### #g# #g#
#.# #..=....# #.#
#8.gg..8# #.#
#..g....# #.#
#8...g.8#


You could see Ijyb and 3 goblins.

Vanquished Creatures
  3 gnolls
  An ooze (D:1)
  5 dart slugs
  A leopard gecko (D:1)
  3 ball pythons
  4 giant cockroaches (D:1)
  6 goblins
  3 hobgoblins (D:1)
  2 jackals (D:1)
  2 bats
  3 frilled lizards
  4 kobolds
  3 rats
40 creatures vanquished.

Notes
Turn   | Place    | Note
-------+----------+-------------------------------------------
     0 | D:1      | Napalmbreeze the Hill Orc Fighter began the quest for the
                  | Orb.
     0 | D:1      | Reached XP level 1. HP: 19/19 MP: 1/1
    56 | D:1      | Reached XP level 2. HP: 5/27 MP: 2/2
   425 | D:1      | Reached skill level 4 in Fighting
   785 | D:1      | Reached XP level 3. HP: 33/33 MP: 3/3
  1060 | D:1      | Found a snail-covered altar of Cheibriados.
  1172 | D:1      | Reached XP level 4. HP: 13/41 MP: 4/4
  1577 | D:2      | Noticed Ijyb
  1616 | D:2      | Engulfed by Ijyb's flame

Levels and vault maps discovered:
D:1:      minmay_arrival_solitary_statue, layout_basic, minmay_door_square,
          cheibriados_altar_1
D:2:      kennysheep_the_goblin_king, layout_loops_ring,
          grunt_temple_overflow_gold_and_silver

Skill      XL: |  1  2 |
---------------+-------+-----
Fighting       | 4 |  4.8
Axes           | 3 |  3.6
Armour         | |  3.9
Shields        | |  3.9

Action                   |  1- 3 |  4- 6 || total
-------------------------+-------+-------++-------
Melee: War axe           |    96 |    41 ||   137
  Use: Potion            |       |     1 ||     1
  Eat: Chunk             |     1 |     1 ||     2
Armor: Scale mail        |    42 |    17 ||    59
Dodge: Dodged            |    36 |     8 ||    44
Block: Shield            |    43 |    22 ||    65

Table legend:
 A = Non-vault XP
 B = Vault XP
 C = Vault XP percentage of total XP
 D = Non-vault monster count
 E = Vault monster count
 F = Vault count percentage of total count
                 A         B        C        D         E       F
            +---------+---------+-------+---------+---------+-------
      Total |     120 |       4 |   3.2 |      38 |       2 |   5.0
            +---------+---------+-------+---------+---------+-------
        D:1 |      69 |       0 |   0.0 |      25 |       0 |   0.0
        D:2 |      51 |       4 |   7.3 |      13 |       2 |  13.3
            +---------+---------+-------+---------+---------+-------
